 Dungeon Crawl Stone Soup version 0.21.1-1-g345015f (webtiles) character file.

963 zishaf the Geomancer (level 8, -13/45 HPs)
             Began as a Gargoyle Earth Elementalist on May 14, 2018.
             Was an Initiate of Vehumet.
             Mangled by an ogre
             ... wielding a +0 giant spiked club
              (20 damage)
             ... on level 6 of the Dungeon.
             The game lasted 00:11:41 (6352 turns).

zishaf the Geomancer (Gargoyle Earth Elementalist)  Turns: 6352, Time: 00:11:42

Health: -13/45     AC: 11    Str: 13    XL:     8   Next: 15%
Magic:  17/17      EV: 11    Int: 17    God:    Vehumet [......]
Gold:   187        SH:  2    Dex: 10    Spells: 15/19 levels left

rFire    . . .     SeeInvis .   B - +0 lajatang
rCold    . . .     Gourm    .   (shield currently unavailable)
rNeg     + . .     Faith    .   v - +0 leather armour
rPois    ∞         Spirit   .   (no helmet)
rElec    +         Reflect  +   (no cloak)
rCorr    .         Harm     .   n - +0 pair of gloves
MR       .....                  h - +1 pair of boots
Stlth    ++........             H - +2 amulet of reflection
HPRegen  0.15/turn              (no ring)
MPRegen  0.15/turn              (no ring)

@: no status effects
A: negative energy resistance 1, electricity resistance, unbreathing,
petrification resistance, rot immunity, AC +5
a: Renounce Religion


You were on level 6 of the Dungeon.
You worshipped Vehumet.
Vehumet was noncommittal.
You were hungry.

You visited 2 branches of the dungeon, and saw 7 of its levels.

You collected 187 gold pieces.

Inventory:

Hand Weapons
 A - a +2 mace of protection
 B - a +0 lajatang (weapon)
Armour
 c - a +0 robe
 h - a +1 pair of boots (worn)
 n - a +0 pair of gloves (worn)
 v - a +0 leather armour (worn)
Jewellery
 r - an uncursed ring of fire
 G - an uncursed amulet of faith
 H - a +2 amulet of reflection (around neck)
Wands
 o - a wand of iceblast (10)
 y - a wand of paralysis (12)
Scrolls
 a - a scroll of random uselessness {unknown}
 i - 2 scrolls of blinking {unknown}
 j - 4 scrolls of remove curse {unknown}
 k - 2 scrolls of enchant armour {unknown}
 l - 4 scrolls of magic mapping {unknown}
 m - 6 scrolls of identify {unknown}
 p - a scroll of teleportation {unknown}
 x - a scroll of fear {unknown}
Potions
 d - 2 potions of haste {unknown}
 f - a potion of magic {unknown}
 s - a potion of might {unknown}
 t - 5 potions of curing {unknown}
 u - a potion of heal wounds {unknown}
 w - 2 potions of degeneration {unknown}
 z - a potion of lignification {unknown}
 C - a potion of brilliance {unknown}
 D - a potion of flight {unknown}
 F - a potion of cancellation {unknown}
Books
 e - a book of Geomancy

   Spells                             Type                      Level
   a - Sandblast                      Earth                        1
   b - Passwall                       Transmutation/Earth          2
   c - Stone Arrow                    Conjuration/Earth            3
   d - Petrify                        Transmutation/Earth          4
   e - Lee's Rapid Deconstruction     Earth                        5
 q - a book of Changes

   Spells                             Type                      Level
   a - Beastly Appendage              Transmutation                1
   b - Sticks to Snakes               Transmutation                2
   c - Spider Form                    Transmutation/Poison         3
   d - Ice Form                       Ice/Transmutation            4
   e - Blade Hands                    Transmutation                5
Comestibles
 g - 6 rations


   Skills:
 + Level 2.7 Fighting
 - Level 1.5 Dodging
 - Level 2.1 Stealth
 - Level 6.0 Spellcasting
   Level 0.7 Transmutations
 - Level 8.1 Earth Magic


You had 15 spell levels left.
You knew the following spells:

 Your Spells              Type           Power        Failure   Level  Hunger
a - Sandblast             Erth           ####..       1%          1    None
b - Stone Arrow           Conj/Erth      ###...       9%          3    ##.....


Dungeon Overview and Level Annotations

Branches:
Dungeon (6/15)             Temple (1/1) D:4

Altars:
Ashenzari
Cheibriados
Dithmenos
Elyvilon
Fedhas
Gozag
Hepliaklqana
Kikubaaqudgha
Makhleb
Nemelex Xobeh
Okawaru
Ru
Sif Muna
Uskayaw
Vehumet
Xom
Yredelemnul
Zin
The Shining One


Innate Abilities, Weirdness & Mutations

You are resistant to torment.
Your stone body is resilient. (AC +5)
You are immune to poison.
You resist negative energy. (rN+)
You are resistant to electric shocks. (rElec)
You can survive without breathing.
You are immune to petrification.
You are immune to rotting.


Message History

You closely miss the adder.
The adder is moderately wounded.
The adder bites you but does no damage. You block the adder's attack.
The ogre hits you but does no damage.
You miss the adder.
The adder is moderately wounded.
The adder bites you but does no damage. x2; The ogre barely misses you.
You closely miss the adder.
The adder is moderately wounded.
The adder completely misses you. The ogre misses you.
The adder closely misses you.
You miss the adder.
The adder is moderately wounded.
The adder bites you but does no damage. The ogre barely misses you.
The adder bites you but does no damage.
You closely miss the adder.
The adder is moderately wounded.
The adder bites you but does no damage.
The ogre hits you with a giant spiked club!!
You die...

#... ##..# #.#.
.#.. ....# #...
#.#..#..# #.
#...# # #. #.#
.# #? ##.## ..#
##.##.O.###..###
#....@S.........
##..##.........#
###.###.##..##
#######.#.## .#
.........## ..
#######.## . #.#
#.# #.#


You could see an ogre and an adder.

Vanquished Creatures
  An ogre (D:4)
  A centaur (D:5)
  2 bullfrogs (D:6)
  A scorpion (D:5)
  A crimson imp (D:5)
  A bullfrog skeleton (D:6)
  An orc priest (D:4)
  An iguana (D:4)
  Natasha (thrice) (D:4)
  3 orc wizards
  5 worker ants
  A hound skeleton (D:4)
  4 gnolls (D:3)
  6 adders
  2 oozes
  3 worms
  3 dart slugs
  4 leopard geckos
  9 orcs
  9 bats
  5 giant cockroaches
  6 goblins
  6 hobgoblins
  6 jackals (D:5)
  A quokka (D:4)
  3 ball pythons
  4 frilled lizards
  6 kobolds
  A leopard gecko skeleton (D:5)
  5 rats
104 creatures vanquished.

Notes
Turn   | Place    | Note
-------+----------+-------------------------------------------
     0 | D:1      | zishaf the Gargoyle Earth Elementalist began the quest for the Orb.
     0 | D:1      | Reached XP level 1. HP: 10/10 MP: 3/3
   489 | D:1      | Reached skill level 4 in Earth Magic
   489 | D:1      | Reached XP level 2. HP: 10/15 MP: 3/5
   844 | D:1      | Reached XP level 3. HP: 13/19 MP: 7/7
  2304 | D:2      | Reached XP level 4. HP: 24/24 MP: 5/8
  2617 | D:3      | Reached skill level 5 in Earth Magic
  2868 | D:3      | Found an ancient bone altar of Kikubaaqudgha.
  2871 | D:3      | Found a blossoming altar of Fedhas.
  2874 | D:3      | Found a sparkling altar of Nemelex Xobeh.
  2954 | D:3      | Learned a level 3 spell: Stone Arrow
  3471 | D:3      | Reached XP level 5. HP: 28/28 MP: 4/10
  3831 | D:3      | Reached skill level 6 in Earth Magic
  4060 | D:4      | Reached XP level 6. HP: 32/32 MP: 7/12
  4499 | D:4      | Noticed Natasha
  4501 | D:4      | Killed Natasha
  4625 | D:4      | Noticed Natasha
  4626 | D:4      | Killed Natasha
  4626 | D:4      | Reached skill level 7 in Earth Magic
  4626 | D:4      | Reached XP level 7. HP: 36/36 MP: 11/14
  4642 | D:4      | Reached skill level 5 in Spellcasting
  4722 | D:4      | Found a staircase to the Ecumenical Temple.
  4728 | D:4      | Noticed Natasha
  4730 | Temple   | Entered the Ecumenical Temple
  4750 | Temple   | Became a worshipper of Vehumet
  4885 | D:4      | Killed Natasha
  5468 | D:5      | Entered Level 5 of the Dungeon
  5728 | D:5      | Reached skill level 8 in Earth Magic
  6052 | D:6      | Reached skill level 1 in Fighting
  6052 | D:6      | Reached XP level 8. HP: 8/43 MP: 15/17
  6352 | D:6      | Mangled by an ogre

Skill      XL: |  1  2  3  4  5  6  7  8 |
---------------+-------------------------+-----
Earth Magic    | 4 5 6 7 8 |  8.1
Spellcasting   | 3 4 6 |  6.0
Fighting       | 1 2 |  2.7
Dodging        | |  1.5
Stealth        | |  2.1
Transmutations | |  0.7

Action                   |  1- 3 |  4- 6 |  7- 9 || total
-------------------------+-------+-------+-------++-------
Melee: Club              |    55 |     8 |       ||    63
       Unarmed           |     9 |       |       ||     9
       Lajatang          |       |       |    47 ||    47
 Cast: Sandblast         |    40 |    91 |    45 ||   176
 Stab: Sleeping          |     1 |       |       ||     1
  Eat: Chunk             |     1 |     7 |     5 ||    13
       Ration            |     1 |       |       ||     1
Armor: Robe              |    24 |     2 |       ||    26
       Leather armour    |       |    22 |    49 ||    71
Dodge: Dodged            |    57 |    29 |    57 ||   143
Block: Other             |       |       |     6 ||     6
